cohdb
Replays
Latest Replays
All Replays
Popular Replays
Top Player Replays
Match Explorer
How It Works
Community
CoH3 Stats
Reddit
Sign in to upload your games and track your stats! →
Sign in with Steam
Match 41997733
Unlisted
Match 41997733
Overview
Messages
Build Orders
End
Pioneer Squad
Construct Infanterie Kompanie
Selects Terror Battlegroup
Selects Machine Gun Camouflage
MG 42 Machine Gun Team
Grenadier Squad
Grenadier Squad
GrW 34 Mortar Team
Medical Bunker
Construct Luftwaffe Kompanie
Selects Contempt for the Weak
Jäger Squad
Flak 30 Anti-aircraft Gun Team
Support Elements
Selects Propaganda Leaflet Drop
Marder III M Tank Destroyer
Luftwaffe Officer Quarters
سَۨفُـيٰانۨوٰس
mohamedkerdaoui
Farage's Army
superstar at the gay bar
0
0
Comments
sign in to comment!
No comments posted yet!